 Dungeon Crawl Stone Soup version 0.30-a0-1114-gd936c97349 (webtiles) character file.

Game seed: 1745308875504228120

109 sampeng1 the Trooper (level 5, -1/42 HPs)
             Began as a Human Berserker on Apr 21, 2023.
             Was a Believer of Trog.
             Slain by pdpol's ghost (8 damage)
             ... on level 3 of the Dungeon.
             The game lasted 00:07:57 (2138 turns).

sampeng1 the Trooper (Human Berserker)              Turns: 2138, Time: 00:07:57

Health: -1/42      AC:  7    Str: 19    XL:     5   Next: 13%
Magic:  5/5        EV: 10    Int:  7    God:    Trog [**....]
Gold:   113        SH:  0    Dex: 13    Spells: 4/4 levels left

rFire   . . .      SeeInvis .    a - +0 hand axe
rCold   . . .      Faith    .    (no shield)
rNeg    . . .      Spirit   .    i - +0 scale mail
rPois   .          Reflect  .    (no helmet)
rElec   .          Rampage  .    (no cloak)
rCorr   .                        l - +0 pair of gloves
Will    .....                    (no boots) Stlth
                                 (no amulet)
HPRegen 0.27/turn                (no ring)
MPRegen 0.09/turn                (no ring)

@: no status effects
A: no striking features
a: Renounce Religion, Berserk, Trog's Hand


You were on level 3 of the Dungeon.
You worshipped Trog.
Trog was pleased with you.
You visited 1 branch of the dungeon, and saw 3 of its levels.

You collected 146 gold pieces.
You spent 33 gold pieces at shops.

Inventory:

Hand Weapons
 a - a +0 hand axe (weapon)
Missiles
 f - 6 poisoned darts (quivered)
Armour
 b - a +0 animal skin
 i - a +0 scale mail (worn)
 l - a +0 pair of gloves (worn)
Scrolls
 e - 4 scrolls of teleportation
 g - a scroll of identify
 o - a scroll of butterflies {unknown}
 p - a scroll of noise {unknown}
 q - a scroll of enchant armour {unknown}
Potions
 c - 2 potions of heal wounds
 d - a potion of ambrosia {unknown}
 h - a potion of cancellation {unknown}
 j - 3 potions of curing
 k - a potion of invisibility {unknown}
 m - 3 potions of degeneration {unknown}
 n - a potion of berserk rage {unknown}


   Skills:
 + Level 3.7 Fighting
 + Level 3.7 Axes
 + Level 2.9 Armour
 + Level 3.0 Dodging


You had 4 spell levels left.
You didn't know any spells.
Your spell library was empty.

Dungeon Overview and Level Annotations

Branches:
Dungeon (3/15)

Altars:

Shops:
D:1 !

Annotations:
D:3 2 transporters, pdpol's ghost, amateur FoCK


Message History

You barely miss pdpol's ghost.
Pdpol's ghost is severely damaged.
Pdpol's ghost hits you but does no damage.
You hit pdpol's ghost but do no damage.
Pdpol's ghost is severely damaged.
You hear the brisk rusting of a distant drain.
Your skin stops crawling.
You feel less strong-willed. Pdpol's ghost closely misses you.
You closely miss pdpol's ghost.
Pdpol's ghost is severely damaged.
Pdpol's ghost hits you but does no damage.
You closely miss pdpol's ghost.
Pdpol's ghost is severely damaged.
Pdpol's ghost barely misses you.
You closely miss pdpol's ghost.
Pdpol's ghost is severely damaged.
Pdpol's ghost misses you.
You hit pdpol's ghost.
Pdpol's ghost is severely damaged.
Pdpol's ghost hits you. Pdpol's ghost closely misses you.
You barely miss pdpol's ghost.
Pdpol's ghost is severely damaged.
Pdpol's ghost barely misses you.
You hit pdpol's ghost.
Pdpol's ghost is severely damaged.
Pdpol's ghost hits you!
You hit pdpol's ghost but do no damage.
Pdpol's ghost is severely damaged.
Pdpol's ghost closely misses you.
You slash pdpol's ghost!
Pdpol's ghost is almost destroyed.
Pdpol's ghost hits you!
You completely miss pdpol's ghost.
Pdpol's ghost is almost destroyed.
Pdpol's ghost hits you!
* * * LOW HITPOINT WARNING * * *
You completely miss pdpol's ghost.
Pdpol's ghost is almost destroyed.
Pdpol's ghost hits you!
You die...

#.##....###...# ####
#.#....##.##.(# .#
...
#.#...##$..#..#..
#.##.'...#[...#.##.
#.†..'...#!.=...#.
#..#.'...##.....#
.......#....#.....##
....>.$#....##..W..#
###.##.##....###@..#
#.....##........##
#...>..###......#
......). #####.##
...### ......
########


You could see pdpol's ghost.

Vanquished Creatures
  Terence (D:2)
  A scorpion simulacrum (D:3)
  2 adders (D:3)
  A worm (D:2)
  3 dart slugs
  An adder simulacrum (D:3)
  3 ball pythons
  4 endoplasms
  2 giant cockroaches (D:2)
  A goblin (D:2)
  3 hobgoblins
  2 kobolds (D:1)
  2 quokkas (D:1)
  2 ball python simulacra (D:3)
  6 bats
  4 frilled lizards
  2 quokka simulacra (D:3)
  6 rats
46 creatures vanquished.

Notes
Turn   | Place    | Note
-------+----------+-------------------------------------------
     0 | D:1      | sampeng1 the Human Berserker began the quest for the Orb.
     0 | D:1      | Reached XP level 1. HP: 18/18 MP: 1/1
   112 | D:1      | Found a faded altar of an unknown god.
   423 | D:1      | Reached XP level 2. HP: 24/24 MP: 2/2
   490 | D:1      | Found Ekhloh's Distillery.
   526 | D:1      | Bought a potion of curing for 33 gold pieces
   889 | D:2      | Reached XP level 3. HP: 29/29 MP: 3/3
  1338 | D:2      | Noticed Terence
  1345 | D:2      | Killed Terence
  1346 | D:2      | Reached XP level 4. HP: 29/35 MP: 4/4
  1940 | D:3      | Reached ** piety under Trog
  1970 | D:3      | Found a transporter.
  1993 | D:3      | Found a transporter.
  2049 | D:3      | Found a runed translucent gate.
  2049 | D:3      | Found a runed translucent gate.
  2049 | D:3      | Found a runed translucent gate.
  2083 | D:3      | Reached XP level 5. HP: 42/42 MP: 5/5
  2107 | D:3      | Noticed pdpol's ghost (amateur FoCK)
  2138 | D:3      | Slain by pdpol's ghost

Illustrated notes

Levels and vault maps discovered:
D:1:      elethiomel_arrival_maze, layout_loops_ring, serial_shops,
          nicolae_shop_industrial_runoff, ebering_ecumenical_altar_sacrificial,
          minmay_pentomino_r4
D:2:      layout_basic, grunt_decor_junction, uniq_terence
D:3:      gammafunk_steamed_eel, layout_loops_ring, gammafunk_ghost_icy,
          portal_sewer_entry_d, grunt_decor_fettered

Skill      XL: |  1  2  3  4  5 |
---------------+----------------+-----
Dodging        | 3 |  3.0
Fighting       | |  3.7
Axes           | |  3.7
Armour         | |  2.9

Action                     |  1- 3 |  4- 6 || total
---------------------------+-------+-------++-------
  Melee: Hand axe          |    61 |    83 ||   144
 Invoke: Berserk           |     2 |     2 ||     4
         Trog's Hand       |       |     1 ||     1
    Use: Scroll            |     2 |       ||     2
 Armour: Animal skin       |     5 |       ||     5
         Scale mail        |    19 |    52 ||    71
  Dodge: Dodged            |    34 |    56 ||    90

Table legend: (Time is in decaauts)
 A = Elapsed time spent in this place.
 B = Non-inter-level travel time spent in this place.
 C = Inter-level travel time spent in this place.
 D = Time resting spent in this place.
 E = Time spent auto-exploring this place.
 F = Levels seen in this place.
 G = Mean time per level.
                   A        B        C        D        E       F      G
               +--------+--------+--------+--------+--------+-----+--------+
         Total |   2197 |   2093 |    104 |      0 |   1416 |   3 |  732.3 |
       Dungeon |   2197 |   2093 |    104 |      0 |   1416 |   3 |  732.3 |
               +--------+--------+--------+--------+--------+-----+--------+

Top non-repeatable levels by time:
     D:2: 936 daAuts
     D:1: 894 daAuts
     D:3: 365 daAuts
